cohdb
Replays
Latest Replays
All Replays
Popular Replays
Top Player Replays
Match Explorer
How It Works
Community
CoH3 Stats
Reddit
Sign in to upload your games and track your stats! →
Sign in with Steam
Match 41231999
Unlisted
Match 41231999
Overview
Messages
Build Orders
End
Construct Barracks
Riflemen Squad
Riflemen Squad
Riflemen Squad
Construct Weapon Support Center
M1919 Machine Gun Team
Infantry Support Center
M1918 Browning Automatic Rifles
Bazooka Squad
Construct Medical Station
Selects Special Operations Battlegroup
Selects Raiding Flares
Selects SSF Commando Squad
Selects M29 Weasel Recon Vehicle
Advanced Logistics
M1 Mortar Team
Selects P-47 Anti-Infantry Loiter
P-47 Anti-Infantry Loiter
Riflemen Squad
Grenade Package
M3 Armored Personnel Carrier
Engineer Squad
Construct Tank Depot
Selects UNKNOWN (2162291)
M18 Hellcat Tank Destroyer
P-47 Anti-Infantry Loiter
只愛❤毛妹
Osttruppen
0
0
Comments
sign in to comment!
No comments posted yet!